BSA
PORTLAND CARDS @ NEVADA NOISE
08/17/2029
 
TOP OF THE 1ST
Portland Cards batting - Pitching for Nevada Noise : RHP José López
Pitching: RHP José López
Batting: LHB Troy Donaldson 0-0: Called Strike
0-1: Swinging Strike
0-2: Foul Ball, location: 2F
0-2: Ball
1-2: Foul Ball, location: 2F
1-2: Ball
2-2: Foul Ball, location: 2F
2-2: Strikes out swinging
Batting: RHB Norm Francis 0-0: Ground out 5-3 (Groundball, 56)
Batting: LHB Jeff Daniels 0-0: Swinging Strike
0-1: Ball
1-1: Foul Ball, location: 2F
1-2: Foul Ball, location: 2F
1-2: Strikes out looking
Top of the 1st over - 0 runs, 0 hits, 0 errors, 0 left on base; Portland 0 - Nevada 0
BOTTOM OF THE 1ST
Nevada Noise batting - Pitching for Portland Cards : RHP Nelson Ortega
Pitching: RHP Nelson Ortega
Batting: RHB Pedro Rosado 0-0: TRIPLE (Flyball, 78XD)
Batting: SHB Víctor Serrano 0-0: Foul Ball, location: 2F
0-1: Foul Ball, location: 2F
0-2: Ball
1-2: Ground out 6-3 (Groundball, 56)
Pedro Rosado scores
Batting: LHB Santiago Márquez 0-0: Ball
1-0: Foul Ball, location: 2F
1-1: Ball
2-1: Fly out, F6 (Popup, 4M)
Batting: RHB Luis Cruz 0-0: Called Strike
0-1: Ball
1-1: Ball
2-1: Swinging Strike
2-2: Strikes out swinging
Bottom of the 1st over - 1 run, 1 hit, 0 errors, 0 left on base; Portland 0 - Nevada 1
TOP OF THE 2ND
Portland Cards batting - Pitching for Nevada Noise : RHP José López
Batting: LHB Paul Mullins 0-0: Called Strike
0-1: Called Strike
0-2: Foul Ball, location: 2F
0-2: Ball
1-2: Foul Ball, location: 2F
1-2: Strikes out swinging
Batting: RHB António Zúñiga 0-0: Ball
1-0: Ball
2-0: SINGLE (Groundball, 6M) (infield hit)
Batting: LHB Chance Santry 0-0: Ball
1-0: Called Strike
1-1: Called Strike
1-2: Strikes out swinging
Batting: RHB Mario Méndez 0-0: Called Strike
0-1: Ball
1-1: Called Strike
1-2: Strikes out swinging
Top of the 2nd over - 0 runs, 1 hit, 0 errors, 1 left on base; Portland 0 - Nevada 1
BOTTOM OF THE 2ND
Nevada Noise batting - Pitching for Portland Cards : RHP Nelson Ortega
Batting: LHB Pablo Reyes 0-0: Called Strike
0-1: Ball
1-1: SOLO HOME RUN (Flyball, 9D), Distance : 412 ft
Batting: RHB Rich Ruffin 0-0: Swinging Strike
0-1: Ball
1-1: Ball
2-1: Fly out, F8 (Flyball, 89M)
Batting: LHB Milton Watson 0-0: Swinging Strike
0-1: Ball
1-1: Called Strike
1-2: Fly out, F9 (Flyball, 9)
Batting: RHB Fernando Gálvez 0-0: Ball
1-0: Ball
2-0: Ball
3-0: Base on Balls
Batting: RHB Jorge Márquez 0-0: Called Strike
0-1: Ball
1-1: Called Strike
Fernando Gálvez steals 2nd base
1-2: Ball
2-2: Foul Ball, location: 2F
2-2: SINGLE (Groundball, 34D)
Fernando Gálvez to third
Throwing error, E9
Fernando Gálvez scores
Jorge Márquez to second
Batting: RHB Pedro Rosado 0-0: Ground out 5-3 (Groundball, 56S)
Bottom of the 2nd over - 2 runs, 2 hits, 1 error, 1 left on base; Portland 0 - Nevada 3
TOP OF THE 3RD
Portland Cards batting - Pitching for Nevada Noise : RHP José López
Batting: RHB Jesús Gutiérrez 0-0: Ball
1-0: Swinging Strike
1-1: Ball
2-1: Foul Ball, location: 2F
2-2: Fly out, F6 (Line Drive, 6)
Batting: RHB Willie Houk 0-0: Foul Ball, location: 2F
0-1: Swinging Strike
0-2: Ball
1-2: Strikes out swinging
Batting: LHB Troy Donaldson 0-0: Ball
1-0: Ball
2-0: Called Strike
2-1: Swinging Strike
2-2: Foul Ball, location: 2F
2-2: Foul Ball, location: 2F
2-2: DOUBLE (Flyball, 78D)
Batting: RHB Norm Francis 0-0: SINGLE (Groundball, 56D)
Troy Donaldson to third
Runner from 3rd tries for Home, SAFE, no throw
Batting: LHB Jeff Daniels 0-0: Ball
Norm Francis is caught stealing 2nd base
Top of the 3rd over - 1 run, 2 hits, 0 errors, 0 left on base; Portland 1 - Nevada 3
BOTTOM OF THE 3RD
Nevada Noise batting - Pitching for Portland Cards : RHP Nelson Ortega
Batting: SHB Víctor Serrano 0-0: Swinging Strike
0-1: Ground out 6-3 (Groundball, 6S)
Batting: LHB Santiago Márquez 0-0: Called Strike
0-1: Foul Ball, location: 2F
0-2: Ball
1-2: Foul Ball, location: 2F
1-2: Ball
2-2: Ground out 4-3 (Groundball, 4)
Batting: RHB Luis Cruz 0-0: Foul Ball, location: 2F
0-1: Called Strike
0-2: Foul Ball, location: 2F
0-2: Ball
1-2: Ball
2-2: Ball
3-2: SOLO HOME RUN (Flyball, 7D), Distance : 395 ft
Batting: LHB Pablo Reyes 0-0: Foul Ball, location: 2F
0-1: Foul Ball, location: 2F
0-2: Foul Ball, location: 2F
0-2: Ball
1-2: SINGLE (Groundball, 4D)
Batting: RHB Rich Ruffin 0-0: Foul Ball, location: 2F
0-1: Called Strike
0-2: Ball
1-2: Fly out, F8 (Flyball, 89D)
Bottom of the 3rd over - 1 run, 2 hits, 0 errors, 1 left on base; Portland 1 - Nevada 4
TOP OF THE 4TH
Portland Cards batting - Pitching for Nevada Noise : RHP José López
Batting: LHB Jeff Daniels 0-0: Called Strike
0-1: Ball
1-1: Called Strike
1-2: Ball
2-2: Strikes out looking
Batting: LHB Paul Mullins 0-0: Called Strike
0-1: Ball
1-1: Called Strike
1-2: Ball
2-2: Strikes out looking
Batting: RHB António Zúñiga 0-0: Ball
1-0: Called Strike
1-1: Ground out 3-1 (Groundball, 34)
Top of the 4th over - 0 runs, 0 hits, 0 errors, 0 left on base; Portland 1 - Nevada 4
BOTTOM OF THE 4TH
Nevada Noise batting - Pitching for Portland Cards : RHP Nelson Ortega
Batting: LHB Milton Watson 0-0: Swinging Strike
0-1: Called Strike
0-2: Foul Ball, location: 2F
0-2: Ball
1-2: Strikes out looking
Batting: RHB Fernando Gálvez 0-0: Foul Ball, location: 2F
0-1: Fly out, F3 (Popup, 3F)
Batting: RHB Jorge Márquez 0-0: Ball
1-0: Ball
2-0: Foul Ball, location: 2F
2-1: Called Strike
2-2: Fly out, F3 (Popup, 34)
Bottom of the 4th over - 0 runs, 0 hits, 0 errors, 0 left on base; Portland 1 - Nevada 4
TOP OF THE 5TH
Portland Cards batting - Pitching for Nevada Noise : RHP José López
Batting: LHB Chance Santry 0-0: Ball
1-0: Swinging Strike
1-1: Ball
2-1: Foul Ball, location: 2F
2-2: Strikes out swinging
Batting: RHB Mario Méndez 0-0: Foul Ball, location: 2F
0-1: Called Strike
0-2: Ball
1-2: Ball
2-2: Strikes out looking
Batting: RHB Jesús Gutiérrez 0-0: Called Strike
0-1: Foul Ball, location: 2F
0-2: SINGLE (Line Drive, 34D)
Batting: RHB Willie Houk 0-0: Called Strike
0-1: Swinging Strike
0-2: Strikes out swinging
Top of the 5th over - 0 runs, 1 hit, 0 errors, 1 left on base; Portland 1 - Nevada 4
BOTTOM OF THE 5TH
Nevada Noise batting - Pitching for Portland Cards : RHP Nelson Ortega
Batting: RHB Pedro Rosado 0-0: SINGLE (Groundball, 56) (infield hit)
Batting: SHB Víctor Serrano 0-0: Swinging Strike
0-1: Foul Ball, location: 2F
0-2: Ball
1-2: Ball
2-2: Ball
3-2: Strikes out swinging
Batting: LHB Santiago Márquez 0-0: Ball
1-0: Called Strike
1-1: Ball
2-1: Ball
3-1: Fly out, F9 (Flyball, 9LS)
Batting: RHB Luis Cruz 0-0: Called Strike
0-1: Ball
1-1: Ball
2-1: Fielders Choice at 2nd, 6-4 (Groundball, 6)
Bottom of the 5th over - 0 runs, 1 hit, 0 errors, 1 left on base; Portland 1 - Nevada 4
TOP OF THE 6TH
Portland Cards batting - Pitching for Nevada Noise : RHP José López
Batting: LHB Troy Donaldson 0-0: Swinging Strike
0-1: Foul Ball, location: 2F
0-2: Foul Ball, location: 2F
0-2: SINGLE (Line Drive, 6MD)
Pitching: RHP Elton Johnston
Batting: RHB Norm Francis 0-0: Called Strike
0-1: Fly out, F7 (Flyball, 7LD)
Batting: LHB Jeff Daniels 0-0: Ball
Troy Donaldson is caught stealing 2nd base
1-0: Foul Ball, location: 2F
1-1: Ball
2-1: Fly out, F6 (Popup, 6D)
Top of the 6th over - 0 runs, 1 hit, 0 errors, 0 left on base; Portland 1 - Nevada 4
BOTTOM OF THE 6TH
Nevada Noise batting - Pitching for Portland Cards : RHP Nelson Ortega
Pitching: LHP Jerry Beck
Batting: LHB Pablo Reyes 0-0: Swinging Strike
0-1: Fly out, F6 (Popup, 6)
Batting: RHB Rich Ruffin 0-0: Ground out U3 (Groundball, 3L)
Batting: LHB Milton Watson 0-0: Ground out 5-3 (Groundball, 5L)
Bottom of the 6th over - 0 runs, 0 hits, 0 errors, 0 left on base; Portland 1 - Nevada 4
TOP OF THE 7TH
Portland Cards batting - Pitching for Nevada Noise : RHP Elton Johnston
Batting: LHB Paul Mullins 0-0: Ball
1-0: Ball
2-0: Ball
3-0: Foul Ball, location: 2F
3-1: Swinging Strike
3-2: Base on Balls
Batting: RHB António Zúñiga 0-0: Ball
1-0: Ball
2-0: Called Strike
2-1: Fly out, F3 (Line Drive, 34)
Batting: LHB Chance Santry 0-0: SINGLE (Line Drive, 89S)
Paul Mullins to second
Batting: RHB Mario Méndez 0-0: Ball
1-0: Ball
2-0: Swinging Strike
2-1: Foul Ball, location: 2F
2-2: SINGLE (Groundball, 3D)
Paul Mullins to third
Chance Santry to second
Batting: RHB Jesús Gutiérrez 0-0: DOUBLE (Line Drive, 78S)
Paul Mullins scores
Chance Santry scores
Mario Méndez to third
Runner from 3rd tries for Home, SAFE, no throw
Pitching: LHP Miguel Galván
Pinch Hitting: RHB Aaron Scott 0-0: Ball
1-0: Ball
2-0: Called Strike
2-1: Called Strike
2-2: SINGLE (Groundball, 34D)
Jesús Gutiérrez to third
Runner from 3rd tries for Home, throw and OUT!
Batting: LHB Troy Donaldson 0-0: Called Strike
Aaron Scott steals 2nd base
0-1: Swinging Strike
0-2: Ball
1-2: Ball
2-2: Ball
3-2: Base on Balls
Batting: RHB Norm Francis 0-0: Called Strike
0-1: Foul Ball, location: 2F
0-2: Foul Ball, location: 2F
0-2: Strikes out swinging
Top of the 7th over - 3 runs, 4 hits, 0 errors, 2 left on base; Portland 4 - Nevada 4
BOTTOM OF THE 7TH
Nevada Noise batting - Pitching for Portland Cards : LHP Jerry Beck
Now at 3B: Aaron Scott
Batting: RHB Fernando Gálvez 0-0: Called Strike
0-1: Fly out, F6 (Flyball, 56D)
Batting: RHB Jorge Márquez 0-0: SINGLE (Groundball, 6D)
Batting: RHB Pedro Rosado 0-0: Called Strike
0-1: Swinging Strike
0-2: Ball
1-2: Grounds into double play, 6-4-3 (Groundball, 6)
Bottom of the 7th over - 0 runs, 1 hit, 0 errors, 0 left on base; Portland 4 - Nevada 4
TOP OF THE 8TH
Portland Cards batting - Pitching for Nevada Noise : LHP Miguel Galván
Batting: LHB Jeff Daniels 0-0: Called Strike
0-1: Ball
1-1: Foul Ball, location: 2F
1-2: Strikes out swinging
Batting: LHB Paul Mullins 0-0: SINGLE (Groundball, 4MD)
Batting: RHB António Zúñiga 0-0: Ball
1-0: SINGLE (Groundball, 4MD)
Paul Mullins to second
Pinch Runner at 2nd Jared Thompson:
Batting: LHB Chance Santry 0-0: Grounds into double play, 5-4-3 (Groundball, 56)
Top of the 8th over - 0 runs, 2 hits, 0 errors, 1 left on base; Portland 4 - Nevada 4
BOTTOM OF THE 8TH
Nevada Noise batting - Pitching for Portland Cards : LHP Jerry Beck
Now at 2B: Jared Thompson
Batting: SHB Víctor Serrano 0-0: Ball
1-0: Ball
2-0: Ball
3-0: Called Strike
3-1: Foul Ball, location: 2F
3-2: Ground out 6-3 (Groundball, 6S)
Batting: LHB Santiago Márquez 0-0: Ball
1-0: Swinging Strike
1-1: Called Strike
1-2: Foul Ball, location: 2F
1-2: Strikes out swinging
Batting: RHB Luis Cruz 0-0: Ball
1-0: Ground out 6-3 (Groundball, 6)
Bottom of the 8th over - 0 runs, 0 hits, 0 errors, 0 left on base; Portland 4 - Nevada 4
TOP OF THE 9TH
Portland Cards batting - Pitching for Nevada Noise : LHP Miguel Galván
Pitching: LHP Mark Murchison
Batting: RHB Mario Méndez 0-0: Ball
1-0: Ball
2-0: Ball
3-0: Called Strike
3-1: Called Strike
3-2: Strikes out looking
Batting: RHB Jesús Gutiérrez 0-0: Swinging Strike
0-1: Fly out, F5 (Line Drive, 56)
Batting: RHB Aaron Scott 0-0: Foul Ball, location: 2F
0-1: Foul Ball, location: 2F
0-2: Ball
1-2: SINGLE (Flyball, 8LS)
Batting: LHB Troy Donaldson 0-0: Called Strike
0-1: 2-RUN HOME RUN (Flyball, 9D), Distance : 385 ft
Batting: RHB Norm Francis 0-0: Called Strike
0-1: Ground out 6-3 (Groundball, 6)
Top of the 9th over - 2 runs, 2 hits, 0 errors, 0 left on base; Portland 6 - Nevada 4
BOTTOM OF THE 9TH
Nevada Noise batting - Pitching for Portland Cards : LHP Jerry Beck
Pitching: LHP Valentín Reséndez
Batting: LHB Pablo Reyes 0-0: Ball
1-0: SOLO HOME RUN (Line Drive, 7D), Distance : 399 ft
Batting: RHB Rich Ruffin 0-0: Foul Ball, location: 2F
0-1: Ball
1-1: Fly out, F5 (Popup, 56S)
Pinch Hitting: RHB Dexter Potter 0-0: Called Strike
0-1: Swinging Strike
0-2: Foul Ball, location: 2F
0-2: Foul Ball, location: 2F
0-2: Strikes out swinging
Batting: RHB Fernando Gálvez 0-0: Called Strike
0-1: Ball
1-1: Foul Ball, location: 2F
1-2: Ball
2-2: Ball
3-2: Strikes out swinging
Bottom of the 9th over - 1 run, 1 hit, 0 errors, 0 left on base; Portland 6 - Nevada 5
Saturday, December 16th, 2017 - OOTP Baseball 18.8 Build 76